cohdb
Replays
Latest Replays
All Replays
Popular Replays
Top Player Replays
Match Explorer
How It Works
Community
CoH3 Stats
Reddit
Sign in to upload your games and track your stats! →
Sign in with Steam
Match 26298566
Unlisted
Match 26298566
Overview
Messages
Build Orders
End
Selects Airborne Battlegroup
Selects Pathfinders
Construct Weapon Support Center
Engineer Squad
M1919 Machine Gun Team
Sniper
Bazooka Squad
Mechanized Support Center
Mortar Pit
Selects Paratrooper Squad Paradrop
Construct Motor Pool
Paratrooper Squad Paradrop
.30 cal Machine Gun
M8 Greyhound Armored Car
.30 cal Machine Gun
Rearm and Retrofit
Paratrooper Squad Paradrop
Designate Forward Repair Station
Selects Anti-tank Gun Team Paradrop
Anti-tank Gun Team Paradrop
Construct Tank Depot
Designate Forward Repair Station
gokyungho123
owlofdoom
tankcn
Joraad
Alien
365888522
0
0
Comments
sign in to comment!
No comments posted yet!